Map: Newkirk Precinct TE (Void)

Players

aLive

  • Race: Terran Terran
  • Spawn Location: 5:00

TYTY (TY) - Winner!

  • Race: Terran Terran
  • Spawn Location: 7:00

Event: IEM XI Katowice - World Championship 2017

VOD

Have the link to the VOD?

Description

Time

  • Played on: March 5, 2017, 5:29 a.m.
  • Length: 8:19

All games in this series

Show
View Real Time Build Order
Export as new Build Order

aLive Terran 

Build Orders: Banshee Rush 

Get SALT Encoding   

  12  0:00  SCV  
  13  0:12  SCV  
  14  0:18  Supply Depot  
  14  0:25  SCV  
  15  0:40  Barracks  
  15  0:46  Refinery  
  15  0:58  Barracks  
  15  1:02  SCV  
  16  1:11  Refinery  
  16  1:15  SCV  
  17  1:28  Reaper  
  18  1:35  Orbital Command  
  18  1:45  Reaper  
  19  1:59  Supply Depot  
  19  2:00  Reaper  
  20  2:05  SCV  
  21  2:18  Reaper  
  22  2:25  Factory, SCV  
  23  2:34  Reaper  
  23  2:37  SCV  
  24  2:49  SCV  
  24  2:50  Reaper  
  25  3:00  Supply Depot  
  25  3:02  SCV  
  24  3:13  Factory Tech Lab  
  24  3:14  SCV, Starport  
  26  3:26  SCV  
  28  3:38  SCV  
  27  3:43  Command Center  
  28  3:56  Banshee  
  28  3:57  Cloaking Field  
  28  3:58  SCV  
  31  4:07  Cyclone  
  34  4:11  SCV  
  34  4:15  Supply Depot  
  35  4:23  SCV  
  36  4:35  SCV  
  37  4:39  Raven  
  38  4:47  SCV  
  38  4:56  Orbital Command  
  38  4:59  SCV  
  30  5:11  SCV  
  30  5:16  Barracks Reactor  
  30  5:20  Orbital Command  
  30  5:23  SCV  
  34  5:35  SCV  
  35  5:49  SCV  
  33  5:51  SCV  
  33  5:52  Starport Reactor, Engineering Bay  
  33  5:54  Marine x3  
  33  5:55  Factory Tech Lab, Stimpack  
  37  6:08  SCV x2  
  36  6:15  Barracks  
  36  6:17  Refinery  
  39  6:20  Terran Infantry Weapons Level 1  
  39  6:22  SCV x2  
  41  6:25  Marine  
  41  6:27  Marine  
  41  6:29  Marine  
  44  6:34  SCV, Medivac  
  44  6:38  Refinery, Medivac  
  46  6:41  SCV  
  46  6:45  Supply Depot  
  46  6:46  SCV  
  47  6:48  Marine  
  47  6:55  SCV  
  47  6:58  Marine x2, SCV  
  51  7:03  Barracks Reactor  
  50  7:09  Barracks x2  
  50  7:10  SCV x2  
  52  7:16  Marine x3  
  52  7:22  Siege Tank  
  57  7:26  SCV x2  
  59  7:32  Supply Depot  
  59  7:35  Supply Depot  
  55  7:51  Marine x3  
  55  7:52  Marine x2  
Show
View Real Time Build Order
Export as new Build Order

TYTY Terran - Winner!

Build Orders: Liberator Opening, Reaper Expand 

Get SALT Encoding   

  12  0:00  SCV  
  13  0:12  SCV  
  14  0:18  Supply Depot  
  14  0:24  SCV  
  15  0:29  Refinery  
  15  0:40  SCV  
  16  0:45  Barracks  
  16  0:52  SCV  
  17  1:04  SCV  
  18  1:16  SCV  
  19  1:32  Reaper, Orbital Command  
  20  1:44  Command Center  
  20  1:55  Factory  
  20  1:59  SCV  
  22  2:09  Marine  
  22  2:23  Supply Depot  
  22  2:26  Marine  
  21  2:40  Hellion  
  23  2:44  Marine, SCV  
  24  2:57  Starport  
  22  2:58  SCV  
  22  3:02  Hellion  
  24  3:06  Marine  
  24  3:11  SCV  
  25  3:17  Liberator  
  24  3:23  Hellion  
  24  3:24  Marine  
  28  3:34  Supply Depot  
  28  3:38  SCV  
  31  3:47  Marine  
  34  3:51  Orbital Command  
  34  3:52  Factory Reactor  
  34  3:53  SCV  
  33  3:59  Refinery  
  33  4:05  Marine, SCV  
  35  4:18  SCV x2  
  39  4:30  SCV  
  40  4:31  SCV  
  40  4:33  Marine x2  
  40  4:34  Factory Tech Lab  
  40  4:38  Refinery  
  43  4:42  SCV  
  43  4:43  Viking, SCV  
  45  4:49  Engineering Bay  
  45  4:53  Marine x2  
  45  4:54  SCV  
  45  4:56  SCV  
  49  5:05  Supply Depot  
  49  5:06  Cyclone  
  52  5:11  Marine x2  
  52  5:12  SCV x2  
  53  5:17  Missile Turret  
  53  5:20  Missile Turret  
  53  5:25  SCV  
  53  5:26  Raven  
  55  5:30  Marine  
  55  5:31  Marine  
  55  5:33  SCV  
  55  5:37  SCV  
  55  5:46  Supply Depot, SCV  
  55  5:47  Factory Tech Lab  
  56  5:52  SCV  
  57  5:58  SCV  
  57  6:04  SCV  
  57  6:06  Siege Tank  
  57  6:10  SCV  
  62  6:14  Supply Depot  
  62  6:15  Supply Depot  
  62  6:19  Viking, SCV  
  62  6:22  SCV  
  62  6:24  Viking  
  68  6:29  Supply Depot  
  68  6:31  SCV  
  69  6:38  Siege Tank, SCV  
  73  6:49  Viking  
  73  6:51  SCV  
  73  6:53  Supply Depot, SCV  
  75  6:56  Marine  
  75  6:59  Viking  
  78  7:03  SCV  
  78  7:05  SCV  
  80  7:14  Marine  
  80  7:15  SCV  
  82  7:17  SCV  
  82  7:18  Barracks x2  
  82  7:19  Siege Tank  
  86  7:24  Supply Depot  
  86  7:25  Refinery  
  86  7:27  Viking, SCV  
  87  7:32  SCV  
  87  7:34  Viking  
  90  7:39  Marine  
  87  7:54  SCV x2  

Tags
 
Add a new tag
Caveats
  • Supply blocks, unpowered buildings, or Contaminate may cause inaccurate times.
  • Supply counts are checked every 10 seconds.